 Dungeon Crawl Stone Soup version 0.19-b1-3-g7dea586 (webtiles) character file.

170 beholder the Digger (level 5, 35/35 HPs)
             Began as a Formicid Earth Elementalist on Oct 28, 2016.
             Got out of the dungeon alive.
             The game lasted 00:14:40 (2569 turns).

beholder the Digger (Formicid Earth Elementalist)   Turns: 2569, Time: 00:14:41

Health: 35/35      AC:  3    Str: 13    XL:     5   Next: 80%
Magic:  9/9        EV: 12    Int: 15    God:
Gold:   154        SH:  0    Dex: 11    Spells: 3 memorised, 4 levels left

rFire  . . .     SeeInvis +     h - +1 spear (freeze)
rCold  . . .     Gourm    .     c - +0 robe
rNeg   . . .     Faith    .     (no shield)
rPois  .         Spirit   .     (helmet unavailable)
rElec  .         Reflect  .     (no cloak)
rCorr  .         Harm     .     (no gloves)
MR     .....                    y - +0 pair of boots
Stlth  ++........               w - amulet of rage
                                (no ring)
                                (no ring)

@: no status effects
A: permanent stasis, dig shafts and tunnels, four strong arms, antennae 3
a: Dig, Shaft Self


You escaped.
You were not hungry.

You visited 1 branch of the dungeon, and saw 3 of its levels.

You collected 154 gold pieces.

Inventory:

Hand Weapons
 h - a +1 spear of freezing (weapon)
Missiles
 b - 51 stones (quivered)
Armour
 c - a +0 robe (worn)
 y - a +0 pair of boots (worn)
 z - the +1 helmet of Spite {rC++}
   (You took it off Robin on level 3 of the Dungeon)

   It greatly protects you from cold.
Jewellery
 w - an amulet of rage (around neck)
Wands
 r - a wand of teleportation (3/9)
Scrolls
 p - a scroll of immolation {unknown}
 s - a scroll of enchant armour {unknown}
 t - a scroll of identify
 x - a scroll of random uselessness {unknown}
Potions
 f - 4 potions of resistance {unknown}
 g - a potion of ambrosia {unknown}
 i - 2 potions of curing {unknown}
 k - a potion of cancellation {unknown}
 l - a potion of heal wounds {unknown}
 m - a potion of berserk rage {unknown}
 o - a potion of agility {unknown}
Books
 e - a book of Geomancy

   Spells                             Type                      Level
   a - Sandblast                      Earth                        1
   b - Passwall                       Transmutation/Earth          2
   c - Stone Arrow                    Conjuration/Earth            3
   d - Petrify                        Transmutation/Earth          4
   e - Lee's Rapid Deconstruction     Earth                        5
Comestibles
 a - 2 meat rations
 d - a bread ration
 n - a beef jerky
 q - a slice of pizza
 u - 2 fruits
 v - 3 chunks of flesh


   Skills:
 - Level 1.7 Dodging
 - Level 4.0 Stealth
 - Level 3.0 Spellcasting
 - Level 1.1 Transmutations
 + Level 6.1 Earth Magic


You had 4 spell levels left.
You knew the following spells:

 Your Spells              Type           Power        Failure   Level  Hunger
a - Sandblast             Erth           ###...       1%          1    #......
p - Passwall              Tmut/Erth      ##........   10%         2    ##.....
s - Stone Arrow           Conj/Erth      ##....       21%         3    ###....


Dungeon Overview and Level Annotations

Branches:
Dungeon (3/15)

Altars:


Innate Abilities, Weirdness & Mutations

You are under a permanent stasis effect.
You can dig through walls and to a lower floor.
Your four strong arms can wield two-handed weapons with a shield.
You have a pair of large antennae on your head. (SInv)


Message History

There is a stone staircase leading down here.
Key pressed, stopping travel.
Unknown command.
Health restored: 35 You regained 7 mp, and now have 8/9 mp.
(D) Dungeon
Where to? (Enter - D:2, ? - help) Magic restored.
You see here a whip.
There is a stone staircase leading up here.
You climb upwards.
There is a stone staircase leading down here.
MP restored: 9 Unknown command.
(D) Dungeon
Where to? (Enter - D:1, ? - help)
Okay, then.
There is a staircase leading out of the dungeon here.
Are you sure you want to leave the Dungeon?
This will make you lose the game!
You have escaped!

##....# #.......###.###
#.....######.#### #.#
#.............#####.#
##.♣♣♣♣♣♣♣♣♣......##.#
#..♣PP..PP..♣..##.##.#
#..♣PP..P...♣.....##.#
######..♣..PP..(P♣.##..##.# # #
#.......♣..P...PP♣........# # #
###.#.....♣PP.@.P..♣.######## # #
#.......#.♣P...PP..♣.## #
###.##.##.#.♣.[.P..PP♣..# ###
.......##.#.♣..PP..PP♣..# #..
###.#####.#..♣♣♣♣♣♣♣♣♣..# ##.#
#.#####.#.............# #.#.
###.......#...##.###....# ####..
.....##.......##.####...####.....
.....##.##.##.##.............##..


There were no monsters in sight!

Vanquished Creatures
  Robin (D:3)
  4 gnolls
  3 adders
  3 worms
  3 dart slugs (D:1)
  3 leopard geckos
  An orc (D:3)
  3 giant cockroaches
  13 goblins
  8 hobgoblins
  5 jackals
  6 kobolds
  A quokka (D:3)
  9 bats
  3 frilled lizards
  9 rats
75 creatures vanquished.

Notes
Turn   | Place    | Note
-------+----------+-------------------------------------------
     0 | D:1      | beholder the Formicid Earth Elementalist began the quest for the Orb.
     0 | D:1      | Reached XP level 1. HP: 13/13 MP: 3/3
    95 | D:1      | Reached XP level 2. HP: 15/19 MP: 1/5
   417 | D:1      | Reached skill level 4 in Earth Magic
   428 | D:1      | Reached XP level 3. HP: 21/24 MP: 2/7
   477 | D:1      | Learned a level 3 spell: Stone Arrow
   480 | D:1      | Learned a level 2 spell: Passwall
  1041 | D:2      | Reached XP level 4. HP: 28/30 MP: 8/8
  1925 | D:3      | Reached skill level 5 in Earth Magic
  1925 | D:3      | Reached XP level 5. HP: 30/35 MP: 6/9
  2418 | D:3      | Noticed Robin
  2435 | D:3      | Killed Robin
  2435 | D:3      | Reached skill level 6 in Earth Magic
  2458 | D:3      | Got a heavily runed helmet
  2461 | D:3      | Identified the +1 helmet of Spite {rC++} (You took it off Robin on level 3 of the Dungeon)
  2569 | D:$      | Got out of the dungeon alive.

Skill      XL: |  1  2  3  4  5 |
---------------+----------------+-----
Earth Magic    | 4 5 6 |  6.1
Stealth        | 3 4 |  4.0
Spellcasting   | 3 |  3.0
Dodging        | |  1.7
Transmutations | |  1.1

Action                   |  1- 3 |  4- 6 || total
-------------------------+-------+-------++-------
Melee: Spear             |    55 |    26 ||    81
       Unarmed           |     1 |       ||     1
 Cast: Sandblast         |    18 |    52 ||    70
       Passwall          |     4 |     2 ||     6
  Use: Scroll            |       |     2 ||     2
 Stab: Sleeping          |     9 |     2 ||    11
  Eat: Chunk             |     1 |     5 ||     6
Armor: Robe              |    12 |     4 ||    16
Dodge: Dodged            |    30 |    16 ||    46
